 Dungeon Crawl Stone Soup version 0.17-a0-931-g11a8995 (webtiles) character file.

134 inmateoo the Skirmisher (level 4, -7/40 HPs)
             Began as a Centaur Chaos Knight on May 5, 2015.
             Killed by divine providence
             ... invoked by an orc priest
              (14 damage)
             ... on level 3 of the Dungeon.
             The game lasted 00:04:11 (3294 turns).

inmateoo the Skirmisher (Centaur Chaos Knight)      Turns: 3294, Time: 00:04:11

Health: -7/40      AC: 12    Str: 15    XL:     4   Next: 95%
Magic:  4/4        EV:  7    Int: 11    God:
Gold:   285        SH:  0    Dex: 11    Spells: 0 memorised, 3 levels left

rFire  . . .     SeeInvis .     a - +1 mace (chaos)
rCold  . . .     Clarity  +     b - +2 leather armour
rNeg   . . .     SustAb   .     (no shield)
rPois  .         Gourm    .     (no helmet)
rElec  .         Spirit   .     (no cloak)
rCorr  .         Warding  .     (no gloves)
rMut   .         Stasis   .     o - +1 centaur barding {Fly}
MR     .....                    (no amulet)
Stlth  +.........               (no ring)
                                p - +2 ring of dexterity

@: very quick, not resistant to hostile enchantments, very unstealthy
A: hooves 3, clarity, deformed body, speed 2, tough skin 3
a: Evoke Flight


You were on level 3 of the Dungeon.
You were hungry.

You visited 1 branch of the dungeon, and saw 3 of its levels.

You collected 285 gold pieces.

Inventory:

Hand weapons
 a - a +1 mace of chaos (weapon)
Armour
 b - a +2 leather armour (worn)
 o - a +1 centaur barding of flying (worn)
Jewellery
 p - a +2 ring of dexterity (left hand)
Potions
 j - a potion of haste {unknown}
 k - a potion of poison {unknown}
Comestibles
 c - 4 bread rations
 m - a meat ration
 n - a beef jerky


   Skills:
 + Level 3.7 Fighting
 * Level 3.7 Maces & Flails
 + Level 1.9 Armour
 + Level 1.8 Dodging


You had 3 spell levels left.
You didn't know any spells.

Dungeon Overview and Level Annotations

Branches:
Dungeon (3/15)

Altars:
Qazlal

Annotations:
D:3 OrbSeeker's ghost, average FeBe


Innate Abilities, Weirdness & Mutations

You have hooves in place of feet.
Armour fits poorly on your strangely shaped body.
You cover ground very quickly.
You have extremely tough skin (AC +3).
You possess an exceptional clarity of mind.


Message History

a club; a gnoll corpse You close the door.
You feel sick.
You feel sick.
You start resting.
You feel sick.
You feel sick. x2
An orc priest is nearby!
An orc priest is nearby!
You feel sick.
You feel sick.
You are feeling hungry.
You feel sick.
You start resting.
You feel sick. x2
You are no longer poisoned.
All of the chunks of flesh in your inventory have rotted away.
You start resting.
The orc priest shouts!
The orc priest invokes the aid of Beogh against you.
Something smites you!
You die...

#....#..######...
#....#..#
###....#..#########
#......+.h.........
#o#...)####.......#
#.#.......#.......#
#.###.###.#....)..#
#.###.###.####.####
#.@....##.# #.####
#########)# #.....
#.# #.#### #.# #.#
#.# #.#### #.#
#..... #o# ######
#.#########
#..........


You could see an orc priest.

Vanquished Creatures
  A killer bee (D:3)
  An orc wizard (D:3)
  2 gnolls (D:3)
  2 giant geckos
  2 orcs (D:3)
  5 bats
  6 goblins
  7 hobgoblins
  A jackal (D:3)
  A ball python (D:1)
  5 giant cockroaches
  2 giant newts
  4 kobolds
  4 rats
  A fungus (D:1)
44 creatures vanquished.

Notes
Turn   | Place    | Note
--------------------------------------------------------------
     0 | D:1      | inmateoo, the Centaur Chaos Knight, began the quest for the Orb.
     0 | D:1      | Reached XP level 1. HP: 19/19 MP: 1/1
   163 | D:1      | Reached XP level 2. HP: 12/26 MP: 2/2
   386 | D:1      | You fall through a shaft!
   717 | D:1      | XOM: harmless Erth miscast
   784 | D:1      | XOM is BORED!
   784 | D:1      | XOM: mild Necr miscast
   960 | D:2      | Found a stormy altar of Qazlal.
   963 | D:2      | Noticed a water elemental
   963 | D:2      | Noticed an air elemental
   964 | D:2      | Noticed an earth elemental
   964 | D:2      | Noticed a fire elemental
   986 | D:2      | XOM: harmless Erth miscast
  1299 | D:2      | XOM: divination: magic mapping
  1302 | D:2      | XOM: harmless Erth miscast
  1454 | D:2      | Reached skill level 1 in Dodging
  1983 | D:3      | XOM: harmless Hex miscast
  1994 | D:3      | Fell from the grace of Xom
  2136 | D:3      | Noticed OrbSeeker's ghost (average FeBe)
  2201 | D:3      | Reached XP level 3. HP: 30/30 MP: 3/3
  2702 | D:3      | Gained mutation: You possess an exceptional clarity of mind. [potion of beneficial mutation]
  2850 | D:3      | Reached XP level 4. HP: 38/38 MP: 4/4
  3228 | D:3      | XOM: polymorph gnoll -> killer bee
  3294 | D:3      | Killed from afar by an orc priest

Action                   |  1- 3 |  4- 6 || total
-------------------------+-------+-------++-------
Melee: Mace              |   120 |    31 ||   151
Invok: Renounce Religion |     1 |       ||     1
 Abil: Stop Flying       |     1 |       ||     1
  Use: Scroll            |     7 |       ||     7
       Potion            |     2 |       ||     2
  Eat: Chunk             |     3 |     2 ||     5
